Cogmind - Beta 13 @@@ ROGUE MODE // 2024.04.05 @ 01:54:30 Player: YenYu Result: Destroyed self with Mini Grenade Launcher Performance ------------- Evolutions (1) 500 Regions Visited (5) 1000 Robots Destroyed (49) 245 Value Destroyed (1306) 1306 Prototype IDs (2) 40 Alien Tech Used (0) 0 Bonus (110) 110 TOTAL SCORE: 3201 Bonus ------- High Alert Combat Kills 38 Follower Combat Kills 72 Cogmind --------- Core Integrity 0/400 Matter 234/300 Energy 139/160 System Corruption 0% Temperature Cool (0) Movement Walking (330) Ox3 Location -6/Proximity Caves Parts ------- > --- POWER (1) -------- Light Nuclear Core > --- PROPULSION (4) --- Carbon-fiber Leg Carbon-fiber Leg > --- UTILITY (2) ------ Huge Storage Unit Hardened Light Armor Plating > --- WEAPON (2) ------- Bore Cannon Mini Grenade Launcher > --- INVENTORY (25) --- Light Angular Momentum Engine Medium Treads Improved Heat Sink Advanced Heat Sink Improved Cooling System Sensor Array Makeshift Salvage Targeting Computer Makeshift ECM Suite Hardened Light Armor Plating Hardened Light Armor Plating Bomb Factory No. 2 Riot Gun Heavy Beamcaster Barrage Gun Flak Gun Makeshift Shrapnel Gun KE Penetrator Battle Cannon Makeshift Spear CR-A16's Pointy Stick Self-destruct Interrupter (50) Self-destruct Interrupter (50) Peak State ------------ > --- POWER ------------ Light Nuclear Core > --- PROPULSION ------- Aluminum Leg Carbon-fiber Leg Carbon-fiber Leg Makeshift Leg > --- UTILITY ---------- Improved Heat Sink Huge Storage Unit > --- WEAPON ----------- Flak Gun Bore Cannon > --- INVENTORY -------- Light Angular Momentum Engine Advanced Heat Sink Improved Cooling System Sensor Array Makeshift Salvage Targeting Computer Makeshift ECM Suite Hardened Light Armor Plating Hardened Light Armor Plating Hardened Light Armor Plating Bomb Factory No. 2 Riot Gun Heavy Beamcaster Barrage Gun Makeshift Shrapnel Gun KE Penetrator Battle Cannon Mini Grenade Launcher Makeshift Spear CR-A16's Pointy Stick Self-destruct Interrupter Self-destruct Interrupter [Rating: 35] Favorites ----------- Power Makeshift Power Source Engine Makeshift Power Source Power Core Light Nuclear Core Propulsion Aluminum Leg Treads Light Treads Leg Aluminum Leg Utility Huge Storage Unit Device Sensor Array Storage Huge Storage Unit Protection Hardened Light Armor Plating Weapon Improved EM Shotgun Energy Gun Improved EM Shotgun Energy Cannon Beam Cannon Ballistic Gun Flak Gun Ballistic Cannon Bore Cannon Launcher Mini Grenade Launcher Special Weapon Mining Laser Piercing Weapon Makeshift Spear Build | -11 -10 -9 -9 -7 -6 ------- Run | Yrd Mat Mat Min Zio Pro Slots Evolved 2 | . . 2 . . . Power . | . . . . . . Propulsion 2 | . . 2 . . . Utility . | . . . . . . Weapon . | . . . . . . Parts Attached 62 | 7 15 15 3 5 17 Power 4 | 1 . 1 . 1 1 Engine 3 | 1 . 1 . 1 . Core 1 | . . . . . 1 Reactor . | . . . . . . Propulsion 19 | 2 5 5 . 2 5 Treads 6 | 2 3 1 . . . Leg 13 | . 2 4 . 2 5 Wheel . | . . . . . . Hover . | . . . . . . Flight . | . . . . . . Utility 12 | 2 4 2 1 . 3 Device 7 | 1 3 . 1 . 2 Storage 4 | 1 1 2 . . . Processor . | . . . . . . Hackware . | . . . . . . Protection 1 | . . . . . 1 Artifact . | . . . . . . Weapon 27 | 2 6 7 2 2 8 Energy Gun 13 | 1 3 6 1 1 1 Energy Cannon 2 | . 1 1 . . . Ballistic Gun 6 | 1 2 . . . 3 Ballistic Cannon 1 | . . . . . 1 Launcher 1 | . . . . . 1 Special Weapon 3 | . . . 1 . 2 Impact Weapon . | . . . . . . Slashing Weapon . | . . . . . . Piercing Weapon 1 | . . . . 1 . Special Melee Weapon . | . . . . . . Unidentified Prototypes 1 | . . 1 . . . Parts Lost 12 | . 1 3 . . 8 Power 2 | . . 1 . . 1 Propulsion 5 | . . 1 . . 4 Utility . | . . . . . . Weapon 5 | . 1 1 . . 3 Highest Loss Streak 4 | . 1 1 . . 4 To Critical Strikes . | . . . . . . Average Slot Usage (%) 97 | . 99 90 100 100 97 Engine 10 | . 14 9 11 11 3 Treads 4 | . 12 20 . . . Leg 36 | . 15 15 44 44 41 Device 11 | . 14 11 11 11 11 Storage 11 | . 14 11 11 11 11 Energy Gun 17 | . 9 16 18 21 2 Energy Cannon 1 | . 10 5 . . . Ballistic Gun 1 | . 7 . . . 6 Naked Turns . | . . . . . . Heaviest Build 99 | 13 22 92 92 92 99 Greatest Support 65 | 40 40 60 40 60 65 Greatest Overweight (x) 3 | 2 1 2 2 2 3 Average Overweight (x) 1 | . . . 2 1 1 Largest Inventory Capacity 25 | 8 10 25 25 25 25 Average Capacity 22 | 6 9 20 25 25 25 Most Carried 25 | 5 10 19 19 25 25 Average Carried 20 | 3 8 13 18 24 23 Final Capacity 25 | 8 10 25 25 25 25 Final Carried 25 | 3 10 17 19 25 23 Class Distribution -------------------- 66% | Mutant 30% | Scavenger-Mutant Dominant Class ---------------- Mutant | -10/Materials Mutant | -9/Materials Scavenger-Mutant | -9/Mines Mutant | -7/Zion Scavenger-Mutant | -6/Proximity Caves Resources | -11 -10 -9 -9 -7 -6 ----------- Run | Yrd Mat Mat Min Zio Pro Matter Collected 1014 | 196 181 208 . 50 379 Remotely . | . . . . . . Salvage Created 1627 | 11 299 830 59 . 428 Parts 99 | 3 24 48 4 . 20 Haulers Intercepted 2 | . 1 1 . . . Recyclers Shooed 5 | . 1 4 . . . Parts Field Recycled . | . . . . . . Retrieved Matter . | . . . . . . Parts Self-Destructed 20 | . . . . . 20 Prevented 4 | . . . . . 4 Kills | -11 -10 -9 -9 -7 -6 ------- Run | Yrd Mat Mat Min Zio Pro Combat Hostiles Destroyed 41 | . 8 18 3 . 12 Guns 24 | . 5 10 3 . 6 Cannons 12 | . 3 7 . . 2 AOE 4 | . . . . . 4 Classes Destroyed 10 | 1 4 4 . . 1 Builder 1 | . . 1 . . . Tunneler 1 | 1 . . . . . Hauler 2 | . 1 1 . . . Recycler 2 | . . 2 . . . Mechanic 1 | . . 1 . . . Operator 1 | . 1 . . . . Swarmer 19 | . 3 7 3 . 6 Grunt 16 | . 5 8 . . 3 Duelist 2 | . . . . . 2 Sentry 4 | . . 3 . . 1 Best Kill Streak 4 | 1 3 4 3 . 4 Combat Bots Only 4 | . 3 4 3 . 4 Max Kills in Single Turn 2 | 1 1 1 2 . 2 Gunslinging 1 | . . . 1 . . Exploded 2 | . . . . . 2 Melee . | . . . . . . Uniques/NPCs Destroyed . | . . . . . . Combat | -11 -10 -9 -9 -7 -6 -------- Run | Yrd Mat Mat Min Zio Pro Hostile Shots Fired 213 | . 40 80 4 . 89 Missed 62 | . 10 20 2 . 30 Damage Taken 2408 | . 373 654 16 . 1365 Core 538 | . 130 68 . . 340 Absorbed by Shields . | . . . . . . Core Remaining (%) 74 | 100 48 . . . . Volleys Fired 121 | 1 34 50 4 . 32 Largest 2 | 2 2 2 2 . 2 Hottest 180 | 60 125 130 100 . 180 Shots Fired 239 | 2 68 100 7 . 62 Gun 151 | 2 35 69 6 . 39 Cannon 79 | . 33 31 . . 15 Launcher 3 | . . . . . 3 Special 6 | . . . 1 . 5 Kinetic 52 | 1 13 . . . 38 Thermal 158 | 1 55 96 1 . 5 Explosive 3 | . . . . . 3 Electromagnetic 26 | . . 4 6 . 16 Robot Hit Streak 14 | 2 4 11 8 . 14 Robot Miss Streak 5 | . 4 3 3 . 5 Penetration Max . | . . . . . . Secondary Targets 3 | . . . 1 . 2 Max Gunslinging Chain 1 | . . . 1 . 1 Shots Hit Robots 152 | 2 32 67 5 . 46 Core Hits 95 | 1 17 26 3 . 48 Critical Kills 2 | . . . . . 2 Critical Parts Destroyed 2 | . 1 . . . 1 Critical Strikes 6 | . 1 2 . . 3 Burn 2 | . . 2 . . . Destroy 4 | . 1 . . . 3 Melee Attacks 1 | . . . . 1 . Impact . | . . . . . . Slashing . | . . . . . . Piercing 1 | . . . . 1 . Sneak Attacks . | . . . . . . Combat Hostiles . | . . . . . . Follow-up Attacks . | . . . . . . Damage Inflicted 2823 | 20 469 1082 47 . 1205 Guns 1614 | 20 254 718 47 . 575 Cannons 710 | . 215 351 . . 144 Explosions 442 | . . . . . 442 Melee . | . . . . . . Ramming 13 | . . 13 . . . Kinetic 579 | 8 60 . . . 511 Thermal 1665 | 12 409 1007 . . 237 Explosive 249 | . . . . . 249 Electromagnetic 317 | . . 62 47 . 208 Impact . | . . . . . . Slashing . | . . . . . . Piercing . | . . . . . . Highest Corruption . | . . . . . . Average Corruption . | . . . . . . Corruption Purged . | . . . . . . Corruption Blocked . | . . . . . . Overload Shots . | . . . . . . Overflow Damage 6 | . 6 . . . . Projectiles 6 | . 6 . . . . Explosions . | . . . . . . Melee . | . . . . . . Knockbacks 4 | . . . . . 4 Impact . | . . . . . . Kinetic 4 | . . . . . 4 Secondary . | . . . . . . Self-Inflicted Damage 58 | . . . . . 58 Shots 2 | . . . . . 2 Rammed . | . . . . . . Targets Rammed 1 | . . 1 . . . Kicked 1 | . . 1 . . . Crushed . | . . . . . . Highest Temperature 359 | 20 307 63 8 . 359 Average Temperature 83 | 15 109 15 5 . 143 Received Heat Transfer 708 | . 204 258 . . 246 Effects 1 | . . . . . 1 Matter Decay 1 | . . . . . 1 Siege Activations . | . . . . . . Robots Corrupted . | . . . . . . Combat Hostiles . | . . . . . . Parts Fried 1 | . . . . . 1 Impact Corruptions . | . . . . . . Robots Melted 1 | . . 1 . . . Combat Hostiles 1 | . . 1 . . . Parts Melted 4 | . 1 3 . . . Heat Transferred 3936 | 25 925 2516 . . 470 Parts Sabotaged . | . . . . . . Parts Stolen . | . . . . . . Parts Stripped . | . . . . . . Power Chain Reactions 1 | . . . . . 1 Alert | -11 -10 -9 -9 -7 -6 ------- Run | Yrd Mat Mat Min Zio Pro Peak Influence 499 | 5 252 499 196 . . Initial 125 | . 3 105 125 . . Average 228 | 2 147 330 151 . . Maximum Alert Level 2 | . 1 2 . . . Low Security (%) 54 | 100 51 21 100 . . Level 1 25 | . 48 35 . . . Level 2 20 | . . 42 . . . Level 3 . | . . . . . . Level 4 . | . . . . . . Level 5 . | . . . . . . High Security . | . . . . . . Max Security . | . . . . . . Squads Dispatched 3 | . 1 1 . . 1 Investigation 1 | . . 1 . . . Extermination . | . . . . . . Reinforcement 1 | . 1 . . . . Assault 1 | . . . . . 1 Garrison . | . . . . . . Intercept . | . . . . . . Searches Triggered . | . . . . . . Construction Impeded . | . . . . . . Haulers Reinforced . | . . . . . . Active Scanning Responses . | . . . . . . Cargo Convoy Interrupts . | . . . . . . Stealth | -11 -10 -9 -9 -7 -6 --------- Run | Yrd Mat Mat Min Zio Pro Distress Signals 2 | . 1 1 . . . Communications Jammed . | . . . . . . Distress Signals . | . . . . . . Times Spotted 56 | . 12 23 1 . 20 Peak Tracking Total 6 | . 6 3 1 . 5 Tactical Retreats 6 | . 1 3 . . 2 Traps | -11 -10 -9 -9 -7 -6 ------- Run | Yrd Mat Mat Min Zio Pro Traps Triggered . | . . . . . . Indirectly . | . . . . . . Trap Hack Attempts . | . . . . . . Triggered . | . . . . . . Disarmed . | . . . . . . Reprogrammed . | . . . . . . Reused . | . . . . . . Traps Extracted . | . . . . . . Installed . | . . . . . . Triggered . | . . . . . . Machines | -11 -10 -9 -9 -7 -6 ---------- Run | Yrd Mat Mat Min Zio Pro Machines Disabled 1 | . . 1 . . . Max in Single Turn 1 | . . 1 . . . Machines Repaired . | . . . . . . Machines Dismantled . | . . . . . . Machines Sabotaged . | . . . . . . Overloaded Fab Kills . | . . . . . . Hacking | -11 -10 -9 -9 -7 -6 --------- Run | Yrd Mat Mat Min Zio Pro Machines Accessed 2 | . . 2 . . . Terminals 2 | . . 2 . . . Fabricators . | . . . . . . Repair Stations . | . . . . . . Recycling Units . | . . . . . . Scanalyzers . | . . . . . . Garrison Access . | . . . . . . Total Hacks 5 | . . 5 . . . Successful 1 | . . 1 . . . Failed 4 | . . 4 . . . Catastrophic 1 | . . 1 . . . Database Lockouts . | . . . . . . Manual 4 | . . 4 . . . Terminals 5 | . . 5 . . . Fabricators . | . . . . . . Repair Stations . | . . . . . . Recycling Units . | . . . . . . Scanalyzers . | . . . . . . Garrison Access . | . . . . . . Terminal Hacks 1 | . . 1 . . . Alert Level 1 | . . 1 . . . Fabricator Hacks . | . . . . . . Repair Station Hacks . | . . . . . . Recycling Unit Hacks . | . . . . . . Scanalyzer . | . . . . . . Garrison Access Hacks . | . . . . . . Unauthorized Hacks . | . . . . . . Terminals . | . . . . . . Fabricators . | . . . . . . Repair Stations . | . . . . . . Recycling Units . | . . . . . . Scanalyzers . | . . . . . . Garrison Access . | . . . . . . Data Cores Recovered . | . . . . . . Used . | . . . . . . Hacking Detections 2 | . . 2 . . . Full Trace Events 1 | . . 1 . . . Feedback Events . | . . . . . . Feedback Blocked . | . . . . . . Robot Schematics Acquired 3 | . . . . 3 . Robots Built . | . . . . . . Authchips . | . . . . . . Time . | . . . . . . Total Robot Build Rating . | . . . . . . Part Schematics Acquired 15 | . . . . 15 . Parts Built . | . . . . . . Authchips . | . . . . . . Time . | . . . . . . Total Part Build Rating . | . . . . . . Parts Repaired . | . . . . . . Time . | . . . . . . Parts Recycled . | . . . . . . Recycled Matter . | . . . . . . Retrieved Matter . | . . . . . . Retrieved Components . | . . . . . . Parts Scanalyzed . | . . . . . . Part Schematics Acquired . | . . . . . . Parts Damaged . | . . . . . . Bothacking | -11 -10 -9 -9 -7 -6 ------------ Run | Yrd Mat Mat Min Zio Pro Used RIF Installer . | . . . . . . Robots Hacked . | . . . . . . Non-combat . | . . . . . . Combat . | . . . . . . Robot Hacks Applied . | . . . . . . Relay Couplers Released . | . . . . . . Fabnet Peak Effective % . | . . . . . . Robots Rewired . | . . . . . . Allies Hacked . | . . . . . . Hacks Repelled . | . . . . . . Allies | -11 -10 -9 -9 -7 -6 -------- Run | Yrd Mat Mat Min Zio Pro Total Allies 4 | . . . 1 3 . Largest Group 3 | . . . 1 3 3 Highest-Rated Group 79 | . . . 31 79 79 Highest-Rated Ally 31 | . . . 31 31 31 Total Orders . | . . . . . . Ally Attacks 5 | . . . . . 5 Total Damage 133 | . . . . . 133 Kills 2 | . . . . . 2 Allies Corrupted . | . . . . . . Allies Melted . | . . . . . . Intel | -11 -10 -9 -9 -7 -6 ------- Run | Yrd Mat Mat Min Zio Pro Robot Analysis Total . | . . . . . . Derelict Logs Recovered 2 | . . . . 1 1 Drone Launches . | . . . . . . Drone Recoveries . | . . . . . . Exploration | -11 -10 -9 -9 -7 -6 ------------- Run | Yrd Mat Mat Min Zio Pro Turns Passed 4526 | 74 318 804 514 2293 523 Spaces Moved 1928 | 47 114 264 190 1118 195 Core 23 | 23 . . . . . Treads 253 | 24 50 179 . . . Legs 1652 | . 64 85 190 1118 195 Wheels . | . . . . . . Hover . | . . . . . . Flight . | . . . . . . Fastest Speed 50 | 50 120 160 260 195 195 Average Speed 202 | 121 149 204 260 201 199 Slowest Speed 330 | 160 190 320 260 260 330 Overloaded Moves . | . . . . . . Propulsion Burnouts . | . . . . . . Robots Hopped . | . . . . . . Cave-ins Triggered . | . . . . . . Exploration Rate (%) 32 | 3 20 20 43 80 29 Regions Visited 5 Branch Regions 3 Pre-discovered Areas 2 | . . . . 2 . Known Exits Taken . | . . . . . . Unknown Exits Taken 5 | 1 1 1 1 1 . Scrap Searched 3 | . . . . 2 1 Spaces Dug 1 | . . . 1 . . Terrain Destroyed 31 | . . . 1 . 30 Melee . | . . . . . . Projectile 4 | . . . 1 . 3 AOE 27 | . . . . . 27 Terrain Rammed . | . . . . . . Walls Destroyed . | . . . . . . Machines Disabled . | . . . . . . Actions | -11 -10 -9 -9 -7 -6 --------- Run | Yrd Mat Mat Min Zio Pro Total 2306 | 61 195 428 201 1156 265 Wait 96 | . 6 77 3 4 6 Move 1923 | 46 113 263 189 1117 195 Hop . | . . . . . . Pick Up 69 | 7 17 16 2 17 10 Fast Attach 3 | 3 . . . . . Attach 24 | 4 3 9 . . 8 Detach 1 | . . 1 . . . Swap 35 | . 12 6 3 5 9 Drop 32 | . 10 5 . 12 5 Fire 121 | 1 34 50 4 . 32 Melee 1 | . . . . 1 . Ram . | . . . . . . Kick 1 | . . 1 . . . Crush . | . . . . . . Escape Stasis . | . . . . . . Rewire . | . . . . . . Trap . | . . . . . . Miscellaneous . | . . . . . . Route ------- -11/Scrapyard -10/Materials -9/Materials -9/Mines (discovered 2 exits: [*Mat] / *Zio) -7/Zion -6/Proximity Caves History --------- Turn | Location | Event 46 | -11/Scrapyard | Discovered new exit (range 15) 75 | -11/Scrapyard | Entered Materials 294 | -10/Materials | Core integrity fell below 50% 379 | -10/Materials | Discovered new exit (range 10) 393 | -10/Materials | Entered another Materials area 393 | -9/Materials | Evolved 2 slots: Propulsion x2 537 | -9/Materials | Discovered new exit (range 13) 795 | -9/Materials | Build established: Mutant 1197 | -9/Materials | Entered Mines 1198 | -9/Mines | Build established: Scavenger-Mutant 1386 | -9/Mines | A weapon hastily lodged in a ceiling crevice suddenly fell to the ground 1411 | -9/Mines | Received a Mining Laser from a helpful Derelict 1415 | -9/Mines | Discovered new exit (range 5) 1685 | -9/Mines | A Derelict revealed a hidden shortcut to a safe place 1711 | -9/Mines | Entered Zion 1848 | -7/Zion | Discovered new exit (range 10) 1952 | -7/Zion | Learned location of Extension (-4) 2114 | -7/Zion | Build established: Mutant 2410 | -7/Zion | Learned location of Data Miner (-6) 2528 | -7/Zion | Found CR-A16's Pointy Stick 3446 | -7/Zion | Gained Derelict followers 3663 | -7/Zion | Found Prototype Device 4004 | -7/Zion | Entered Proximity Caves 4004 | -6/Proximity Caves | Accompanied by 3 allies 4009 | -6/Proximity Caves | Unaware initiated a cargo recovery operation 4028 | -6/Proximity Caves | Attracted the attention of an 0b10 outpost 4052 | -6/Proximity Caves | Lost 3 allies 4162 | -6/Proximity Caves | Core integrity fell below 50% 4177 | -6/Proximity Caves | Core integrity fell below 20% 4233 | -6/Proximity Caves | Lost 4 parts (1p2n1w) 4270 | -6/Proximity Caves | Learned Factory machine intel 4457 | -6/Proximity Caves | Build established: Scavenger-Mutant 4527 | -6/Proximity Caves | Destroyed self with Mini Grenade Launcher Last Messages --------------- 04279_ Found Lgt. Angular Momentum Engine. 04279_ Found 21 Matter. 04280_ Acquired 21 matter. 04283_ Dropped Corrupted Lgt. Angular Momentum Engine. 04284_ Acquired Lgt. Angular Momentum Engine. 04289_ Acquired Med. Treads. 04418_ S-27 Virus destroyed. 04421_ HV Slug penetrates Wall. 04424_ VTOL Module fries itself beyond repair. 04426_ Acquired 6 matter. 04428_ Acquired 8 matter. 04431_ Lgt. Nuclear Core fries itself beyond repair. 04432_ Acquired 21 matter. 04437_ Autogun fries itself beyond repair. 04525_ Penetrated by Slug. 04525_ Aluminum Leg destroyed. 04525_ Mak. Leg destroyed. Map ----- +----------------------------------------------------+ | ?????????????????????????????????????????????????? | | ?????????????????????????????????????????????????? | | ?????????????????????????????????????????????????? | | ?????????????????????????????????????????????????? | | ?????????????????????????????????????????????????? | | ?????????????????????????????????????????????????? | | ?????????????????????????????????????????????????? | | ?????????????????????????????????????????????????? | | ?????????????????????????????????????????????????? | | ?????????????????????????????????????????????????? | | ?????????????????????????????????????????????????? | | ?????????????????????????????????????????????????? | | ?????????????????????????????????????????????????? | | ?????????????????????????????????????????????????? | | ?????????????????????????????????????????????????? | | ???????????????????#?????????????????????????????? | | ????????????? ?????# ????????????????????????????? | | ????????????? ???## ??????#?????????????????????? | | ????????????? ### ??### ?????????????????????? | | ?????????????? ### ?????????????????????? | | ???????????????? h ??????????????????????? | | ?????????????????? ??????????????????????? | | ???????????????????# h #??????????????????????? | | ????????????????????? #??###?????????????????? | | ??????????????????????# ## #?????????????????? | | ????????????????????#### @ #?????????????????? | | ???????????????????## # ## ## #????????????????? | | ???????????????????# #??????????????????????? | | ???????????????????# ##??????????????????????? | | ??????????????????## ##???????????????????????? | | ?????????????????## ######?????????????????????? | | ####?????????????# ### #?????????????????????? | | #?????????????## ##????????????????????? | | #????????##????# #????????????????????? | | #????????# #???# ##???????????????????? | | #????????# #?## "" ?????????????? | | #????????# ## " "" ??????????????? | | ##????????# " " ""?????????????????? | | ##???????## ""?????????????????? | | ##???????## "" ""?????????????????? | | #####??### """" "?????????????????? | | # #### "" ? ?????????????????? | | ## ## ?????????????????? | | ?### #### ?????????????????? | | #??# #???????????????????????? | | ## ##???????????????????????? | | ######## ## ##????????????????????????? | | #######??????########?##?????????????????????????? | | ?????????????????????????????????????????????????? | | ?????????????????????????????????????????????????? | +----------------------------------------------------+ Best States ------------- Heat Dissipation 42 Energy Generation 15 Energy Capacity 250 Matter Stores 300 Matter Capacity 300 Sight Range 16 Robot Scan Range 14 Terrain Scan Range 16 Terrain Scan Density 10 Evasion (%) 55 Recoil Reduction 3 Item Schematics ----------------- Mak. Transmission Jammer | -7/Zion | Archive Adv. Assault Cannon | -7/Zion | Archive Mak. Axe | -7/Zion | Archive Imp. Hacking Suite | -7/Zion | Archive Imp. Component Analysis Suite | -7/Zion | Archive Mak. Terrain Scan Processor | -7/Zion | Archive 0b10 Decoder Chip [Generic] | -7/Zion | Archive Adv. Melee Analysis Suite | -7/Zion | Archive Transmission Jammer | -7/Zion | Archive Power Amplifier | -7/Zion | Archive Force Booster | -7/Zion | Archive Angular Momentum Engine | -7/Zion | Archive Great Axe | -7/Zion | Archive Imp. Launcher Guidance Computer | -7/Zion | Archive Lrn. Phase Cannon | -7/Zion | Archive Robot Schematics ------------------ T-07 Excavator | -7/Zion | Archive G-47 Trooper | -7/Zion | Archive S-27 Virus | -7/Zion | Archive Fabricated ------------ Nothing Alien Tech Used ----------------- None Achievements -------------- None Challenges ------------ None Game ------ Seed SurgeGrapheneConstruct Manual? 0 Play Time 00:38:14 Cumulative 21.1 hours Start 2024.04.05 @ 01:17:04 End 2024.04.05 @ 01:54:30 Sessions 1 Manual Loads 0 Difficulty Rogue Special Mode None Game No. 25 Rogue 25 Adventurer 0 Explorer 0 Win Type - Total 0 Types 0/0/0/0/0/0/0/0/0 Lore% 9 Gallery% 24 Achievement% 20 Wizard Run 0 Options --------- Layout 1 ASCII 0 Keyboard 0 Movement Mouse Keybinds 0 Fullscreen 1 Font 32/SmallcapsGlow Map View 50x35 Zoom Use 0% Tactical HUD 1 Map Filters NONE Filters NONE Steam 1 RUN: 936ccc47-441a-4140-85d0-57ea38ba7a6a